 Dungeon Crawl Stone Soup version 0.21-a0-150-gc243083 (webtiles) character file.

14 Zxsaxz the Ruffian (level 2, 0/23 (25) HPs)
             Began as a Ghoul Gladiator on July 27, 2017.
             Slain by a hobgoblin
             ... wielding a +0 club
              (1 damage)
             ... on level 2 of the Dungeon.
             The game lasted 00:04:27 (440 turns).

Zxsaxz the Ruffian (Ghoul Gladiator)                 Turns: 440, Time: 00:04:28

HP:   0/23 (25)     AC:  4    Str: 17    XL:     2   Next: 41%
MP:   1/1           EV: 12    Int:  3    God:
Gold: 16            SH:  0    Dex: 10    Spells: 1/1 levels left

rFire    . . .     SeeInvis .   n - +0 short sword
rCold    + . .     Gourm    .   (no shield)
rNeg     + + +     Faith    .   a - +0 leather armour
rPois    ∞         Spirit   .   b - +0 helmet
rElec    .         Reflect  .   (no cloak)
rCorr    .         Harm     .   (no gloves)
MR       .....                  (no boots)
Stlth    +.........             (no amulet)
HPRegen  0.00/turn              (no ring)
MPRegen  0.07/turn              (no ring)

@: rotting
A: rotting body, claws 1, carnivore 3, cold resistance 1, negative energy
resistance 3, inhibited regeneration, torment resistance, unbreathing
a: no special abilities


You were on level 2 of the Dungeon.
You were not hungry.

You visited 1 branch of the dungeon, and saw 2 of its levels.

You collected 16 gold pieces.

Inventory:

Hand Weapons
 i - a +0 club
 n - a +0 short sword (weapon)
 o - a +0 dagger
Missiles
 c - 3 throwing nets (quivered)
 l - 5 stones
 m - 5 tomahawks
 q - 7 curare-tipped needles
Armour
 a - a +0 leather armour (worn)
 b - a +0 helmet (worn)
 e - a +0 pair of boots
 j - a +0 robe
 p - a +0 ring mail
Scrolls
 g - a scroll of random uselessness {unknown}
 h - a scroll of recharging {unknown}
 k - a scroll of enchant weapon {unknown}
Comestibles
 d - a meat ration
 f - a bread ration


   Skills:
 + Level 2.3 Fighting
 + Level 1.8 Throwing
 + Level 0.1 Armour
 + Level 2.9 Dodging
 + Level 3.7 Unarmed Combat


You had one spell level left.
You didn't know any spells.

Dungeon Overview and Level Annotations

Branches:
Dungeon (2/15)

Altars:


Innate Abilities, Weirdness & Mutations

Your body is rotting away.
You thrive on raw meat.
You are immune to poison.
You have sharp fingernails.
You are carnivorous and can eat meat at any time.
Your flesh is cold resistant. (rC+)
You are immune to negative energy. (rN+++)
You do not regenerate when monsters are visible.
You are immune to unholy pain and torment.
You can survive without breathing.


Message History

The kobold barely misses you.
A goblin comes into view. It is wielding a club.
The goblin shouts!
You hear a shout!
The kobold hits you but does no damage.
A hobgoblin comes into view. It is wielding a club.
The kobold hits you but does no damage.
You hit the kobold but do no damage. The kobold closely misses you.
The goblin misses you. The kobold hits you with a short sword.
* * * LOW HITPOINT WARNING * * *
You hit the kobold.
You kill the kobold!
The goblin hits you with a club.
* * * LOW HITPOINT WARNING * * *
You hit the hobgoblin but do no damage. The hobgoblin hits you with a club.
* * * LOW HITPOINT WARNING * * *
The goblin barely misses you.
You hit the hobgoblin.
The hobgoblin is moderately wounded.
The hobgoblin hits you with a club.
You die...

.########## ..........#
## #
.......#.###+###.##.###
#......†.....g......
#.....†.....@g#.####
#....<........#
#.......(.....#
#.......†.....#
#.............#
#.............#
###.#......###.#
#.##.......##.#
#.##.......# #.#


You could see a hobgoblin and a goblin.

Vanquished Creatures
  A goblin (D:1)
  3 hobgoblins (D:1)
  5 kobolds
  A ball python (D:1)
  A bat (D:1)
  2 frilled lizards
13 creatures vanquished.

Notes
Turn   | Place    | Note
-------+----------+-------------------------------------------
     0 | D:1      | Zxsaxz the Ghoul Gladiator began the quest for the Orb.
     0 | D:1      | Reached XP level 1. HP: 17/17 MP: 0/0
   263 | D:1      | Reached XP level 2. HP: 15/22 MP: 1/1
   439 | D:2      | HP: 1/23 [hobgoblin/club (2)]
   440 | D:2      | Slain by a hobgoblin

Vault maps used:
D:1:      sevenhm_arrival_forest_fort_large_1, serial_park_tiny_pond
D:2:      minmay_cut_off

Action                   || total
-------------------------++-------
Melee: Unarmed           ||    17
       Club              ||    22
       Short sword       ||     5
Armor: Leather armour    ||    13
Dodge: Dodged            ||    37
